 Dungeon Crawl Stone Soup version 0.21.1-1-g345015f (webtiles) character file.

81 vatarom the Vandal (level 4, -1/45 HPs)
             Began as a Halfling Hunter on May 3, 2018.
             Slain by a hobgoblin
             ... wielding a +0 club
              (3 damage)
             ... on level 2 of the Dungeon.
             The game lasted 00:03:33 (1707 turns).

vatarom the Vandal (Halfling Hunter)                Turns: 1707, Time: 00:03:34

Health: -1/45      AC:  3    Str: 19    XL:     4   Next: 67%
Magic:  4/4        EV: 14    Int:  9    God:
Gold:   72         SH:  0    Dex: 14    Spells: 3/3 levels left

rFire    . . .     SeeInvis .   b - +0 short sword
rCold    . . .     Gourm    .   (shield restricted)
rNeg     . . .     Faith    .   c - +0 leather armour
rPois    .         Spirit   .   (no helmet)
rElec    .         Reflect  .   (no cloak)
rCorr    .         Harm     .   (no gloves)
MR       .....                  (no boots)
Stlth    ..........             (no amulet)
HPRegen  0.15/turn              (no ring)
MPRegen  0.09/turn              (no ring)

@: berserking, lethally poisoned (-1 -> -4), flying, very quick
A: small, mutation resistance 1
a: no special abilities


You were on level 2 of the Dungeon.
You were not hungry.

You visited 1 branch of the dungeon, and saw 3 of its levels.

You collected 72 gold pieces.

Inventory:

Hand Weapons
 a - a +1 hunting sling
 b - a +0 short sword (weapon)
 i - a cursed +0 dagger
Missiles
 d - 3 sling bullets
 e - 24 stones (quivered)
Armour
 c - a +0 leather armour (worn)
Scrolls
 l - a scroll of fear
 m - a scroll of blinking {unknown}
 n - 3 scrolls of amnesia {unknown}
 o - a scroll of teleportation {unknown}
 r - a scroll of magic mapping {unknown}
 s - a scroll of enchant weapon {unknown}
Potions
 j - a potion of magic {unknown}
 k - a potion of mutation
 q - a potion of cancellation {unknown}
Comestibles
 f - 2 rations
 h - a chunk of flesh


   Skills:
 + Level 2.5 Fighting
 * Level 7.7 Slings
 - Level 2.3 Dodging
 - Level 1.1 Stealth


You had 3 spell levels left.
You didn't know any spells.

Dungeon Overview and Level Annotations

Branches:
Dungeon (3/15)

Altars:


Innate Abilities, Weirdness & Mutations

You are small and have problems with some larger weapons.
You are somewhat resistant to further mutation.


Message History

The hobgoblin hits you but does no damage.
The adder bites you.
* * * LOW HITPOINT WARNING * * *
You are too berserk!
Unknown command.
Wield which item (- for none, * to show all)? (? for menu, Esc to quit)
b - a +0 short sword (weapon)
You feel a strong urge to attack something.
You barely miss the adder.
The adder is almost dead.
The adder bites you but does no damage. The hobgoblin barely misses you.
You barely miss the adder.
The adder is almost dead.
The adder bites you.
* * * LOW HITPOINT WARNING * * *
You miss the adder.
The adder is almost dead.
* * * LOW HITPOINT WARNING * * *
You feel sick. The hobgoblin hits you with a club.
You die...

########.#.# #.# #.# #.#
#.#.###.# #.# #.#
#.#.....# #.# #.#
#.#..#### #.# #.# #.#..#
#.# #.# #.#..# #.# #.#
#.#..### #.# #.#
########.#....####.# #.#
)........#.....g@S(# #.#
#############.##########.#
.........# #............#
########.# #..###########
## #.# #..# .## #.# #..#
#.## #.# #..# ##.## #.#
#..# ##.# #.# #..#


You could see an adder and a hobgoblin.

Vanquished Creatures
  A gnoll (D:1)
  An adder (D:2)
  2 oozes (D:1)
  A worm (D:2)
  3 dart slugs
  A leopard gecko (D:2)
  A giant cockroach (D:2)
  4 goblins
  6 hobgoblins
  8 kobolds
  2 ball pythons
  2 bats
  5 frilled lizards
  9 rats
46 creatures vanquished.

Notes
Turn   | Place    | Note
-------+----------+-------------------------------------------
     0 | D:1      | vatarom the Halfling Hunter began the quest for the Orb.
     0 | D:1      | Reached XP level 1. HP: 14/14 MP: 1/1
    27 | D:1      | Reached skill level 6 in Slings
    34 | D:1      | Reached XP level 2. HP: 19/19 MP: 2/2
   483 | D:1      | Reached XP level 3. HP: 24/24 MP: 3/3
   553 | D:1      | Reached skill level 7 in Slings
   855 | D:2      | Reached XP level 4. HP: 29/29 MP: 4/4
  1707 | D:2      | HP: 2/45 [poisoned by an adder]
  1707 | D:2      | Slain by a hobgoblin

Skill      XL: |  1  2  3 |
---------------+----------+-----
Slings         | 6 7 |  7.7
Fighting       | 2 |  2.5
Dodging        | |  2.3
Stealth        | |  1.1

Action                   |  1- 3 |  4- 6 || total
-------------------------+-------+-------++-------
Melee: Short sword       |     6 |    51 ||    57
 Fire: Hunting sling     |    48 |    33 ||    81
  Use: Scroll            |     1 |       ||     1
       Potion            |       |     3 ||     3
 Stab: Sleeping          |       |     3 ||     3
  Eat: Chunk             |       |     2 ||     2
Armor: Leather armour    |     4 |     8 ||    12
Dodge: Dodged            |    12 |    37 ||    49
